AoeStats
← BlossomForce

Arabia

508366933Analyzed
1v1 RM · 11d ago on Sep 22, 2026· 51m 1s· 2 players
Game mode
Random Map
Map size
Tiny (2 player)
Population
200
Speed
Normal
Resources
Standard
Victory
Conquest
Starting age
Dark Age
Ending age
Imperial Age
RankedLock teamsTeams togetherTeam positionsShared explorationLock speedFull tech treeHidden civsTurbo modeCheats
Victory
Defeat
🇦🇷 Portuguese · Argentina
932
+12
🇺🇸 Magyars · United States
850
-12
BlossomForce
7:22 Loom
9:37 Feudal Age
10:18 Horse Collar
10:24 Double-Bit Axe
23:31 Castle Age
21:43 Scale Barding Armor
22:30 Bloodlines
22:19 Gold Mining
24:45 Chain Barding Armor
25:08 Husbandry
27:26 Fletching
27:59 Town Watch
28:50 Wheelbarrow
30:29 Bodkin Arrow
33:53 Fervor
33:44 Devotion
36:15 Hand Cart
43:56 Stone Mining
45:31 Scale Mail Armor
48:00 Man-at-Arms
48:16 Pikeman
paikujanlp
8:04 Loom
10:29 Feudal Age
11:28 Double-Bit Axe
20:07 Castle Age
23:07 Bloodlines
23:10 Forging
27:05 Pikeman
36:27 Imperial Age
44:18 Cavalier
46:33 Iron Casting
46:04 Scale Barding Armor
46:32 Husbandry
48:50 Blast Furnace
48:21 Chain Barding Armor
51:30 Plate Barding Armor
Connection lost

Rejoining the realm…

Still unreachable

The connection could not be restored.

Session expired

The server has moved on; the page needs a fresh start.